 Dungeon Crawl Stone Soup version 0.30.0-5-g1a98f26d00 (webtiles) character file.

Game seed: 10411059671509875661

4064 SnakkuSnakku7 the Cleaver (level 10, 0/86 HPs)
             Began as an Armataur Warper on May 8, 2023.
             Was a Follower of the Shining One.
             Slain by a yak (7 damage)
             ... on level 9 of the Dungeon.
             The game lasted 00:10:27 (7534 turns).

SnakkuSnakku7 the Cleaver (Armataur Warper)         Turns: 7534, Time: 00:10:27

Health: 0/86       AC:  8    Str: 20    XL:     10   Next: 5%
Magic:  12/12      EV:  9    Int: 19    God:    the Shining One [*.....]
Gold:   487        SH:  0    Dex: 11    Spells: 12/12 levels left

rFire   . . .        a - +2 hand axe (heavy)
rCold   . . .        (no shield)
rNeg    . . .        b - +0 leather armour
rPois   +            i - +0 helmet
rElec   .            (no cloak)
rCorr   .            E - +2 pair of gloves
SInv    .            (no barding)
Will    .....        (no amulet)
Stlth   +            z - ring of poison resistance
HPRegen 0.34/turn    I - +6 ring of intelligence
MPRegen 0.13/turn

%: roll
@: glowing
A: large, rugged brown scales 3, deformed body, armoured tail, roll, long
tongue, awkward tongue
a: Renounce Religion, Divine Shield


You were on level 9 of the Dungeon.
You worshipped the Shining One.
The Shining One was aware of your devotion.
You visited 2 branches of the dungeon, and saw 10 of its levels.

You collected 683 gold pieces.
You spent 196 gold pieces at shops.

Inventory:

Hand Weapons
 a - a +2 heavy hand axe (weapon)
 u - a +0 hand axe
 y - a +0 hand axe of venom
Missiles
 d - 7 boomerangs of dispersal (quivered)
 x - a silver boomerang
 C - 2 throwing nets
 H - 7 boomerangs
 L - 3 curare-tipped darts
Armour
 b - a +0 leather armour (worn)
 i - a +0 helmet (worn)
 E - a +2 pair of gloves (worn)
Jewellery
 z - a ring of poison resistance (left hand)
 I - a +6 ring of intelligence (right hand)
Wands
 j - a wand of mindburst (2)
 t - a wand of charming (3)
 A - a wand of acid (2)
Scrolls
 e - 2 scrolls of fog {unknown}
 f - 7 scrolls of teleportation
 m - 4 scrolls of enchant armour {unknown}
 o - a scroll of fear {unknown}
 q - a scroll of torment {unknown}
 w - a scroll of amnesia {unknown}
 B - 3 scrolls of magic mapping {unknown}
 F - a scroll of enchant weapon {unknown}
 G - a scroll of poison {unknown}
 J - a scroll of silence {unknown}
 K - a scroll of immolation {unknown}
Potions
 c - 2 potions of attraction
 g - a potion of ambrosia
 h - 2 potions of lignification
 k - a potion of heal wounds
 l - 4 potions of might
 n - a potion of magic
 p - 3 potions of curing
 r - 2 potions of flight
 s - 2 potions of haste
 v - a potion of resistance
 D - 2 potions of brilliance


   Skills:
 - Level 5.0 Fighting
 + Level 11.5 Axes
 - Level 0.8 Throwing
 - Level 1.2 Armour
 - Level 1.3 Dodging
 - Level 1.7 Spellcasting
 - Level 3.0 Translocations


You had 12 spell levels left.
You didn't know any spells.
Your spell library contained the following spells:

 Spells                   Type           Power      Damage    Failure   Level
 Blink                    Tloc           26%        N/A       9%          2
 Lesser Beckoning         Tloc           26%        N/A       9%          2
 Momentum Strike          Conj/Tloc      14%        3d8       17%         2
 Gell's Gravitas          Tloc           13%        N/A       19%         3
 Teleport Other           Tloc           13%        N/A       19%         3
 Sandblast                Erth           2%         2d4       21%         1
 Passwall                 Tmut/Erth      0%         N/A       30%         2
 Vhi's Electric Charge    Tloc/Air       14%        N/A       32%         3
 Stone Arrow              Conj/Erth      2%         3d7       52%         3
 Manifold Assault         Tloc           13%        N/A       52%         4
 Iskenderun's Battlesphe  Conj           1%         2d6       99%         5
 Iron Shot                Conj/Erth      0%         9d1       100%        6
 Spellforged Servitor     Conj/Summ      0%         N/A       100%        7
 Storm Form               Tmut/Air       0%         N/A       100%        7


Dungeon Overview and Level Annotations

Branches:
Dungeon (9/15)             Temple (1/1) D:4            Lair (0/5) D:8
    Orc: D:9-12

Altars:
Ashenzari
Cheibriados
Elyvilon
Gozag
Hepliaklqana
Kikubaaqudgha
Ru
Sif Muna
Trog
Uskayaw
Vehumet
Wu Jian
Xom
Yredelemnul
The Shining One

Shops:
D:4 :   D:8 !

Annotations:
D:2 1 runed translucent door, Crazy Yiuf


Innate Abilities, Weirdness & Mutations

You are completely covered in rugged brown scales. (AC +3, +7% HP)
Armour fits poorly on your strangely shaped body.
You have a long armoured tail.
You roll when moving toward enemies. (Rampage)
Your long tongue fully drains potion bottles. (2x potion effects)
Your tongue gives you trouble enunciating. (1.5x scroll delay)


Message History

Unknown command.
You are too injured to fight recklessly!
Unknown command.
You are too injured to fight recklessly!
You hit the yak.
You kill the yak!
You slash the yak!
You have reached level 10!
You hit the yak but do no damage. You tail-slap the yak.
The yak is heavily wounded.
The yak barely misses you.
Unknown command.
You slash the yak!
The yak is almost dead.
You hit the yak. The yak gores you but does no damage. The yak gores you!
The yak gores you. The yak barely misses you.
Unknown command.
You slash the yak!
You kill the yak!
You hit the yak but do no damage. The yak barely misses you.
Unknown command.
You hit the yak. You tail-slap the yak.
The yak is moderately wounded.
The yak gores you.
You slash the yak!
The yak is severely wounded.
The yak barely misses you.
You hit the yak but do no damage.
The yak is severely wounded.
The yak gores you!
* * * LOW HITPOINT WARNING * * *
You hit the yak.
The yak is severely wounded.
The yak gores you!
* * * LOW HITPOINT WARNING * * *
You slash the yak!
You tail-slap the yak, but do no damage.
The yak is almost dead.
The yak gores you!
You die...

###.###
#...).#
#..#..####
....###....#
# ###.#
##.#.##.#
#.# ##.....#
## ##......#
##......##
#†@##.#.#
#.#Y# .#.#
###.# .# #
..# .# ..#
.# ...# ....
....#


You could see a yak.

Vanquished Creatures
  Erica (D:9)
  A troll (D:8)
  Prince Ribbit (D:5)
  A wyvern (D:7)
  3 yaks (D:9)
  An orc warrior (D:8)
  4 sky beasts (D:7)
  2 centaurs (D:7)
  3 ogres
  A phantom (D:4)
  Blork the orc (D:5)
  4 bullfrogs
  3 scorpions
  3 howler monkeys
  A gnoll bouda (D:7)
  3 hounds
  5 orc priests
  A jelly (D:6)
  2 sleepcaps
  Jessica (D:2)
  Ijyb (D:5)
  2 iguanas
  4 orc wizards
  4 gnolls
  11 adders
  A shadow imp (D:6)
  2 white imps
  A worm (D:4)
  3 dart slugs
  35 orcs
  13 ball pythons
  6 bats
  4 endoplasms
  2 giant cockroaches (D:2)
  11 goblins
  5 hobgoblins
  11 jackals
  4 kobolds
  5 quokkas
  6 frilled lizards
  2 rats (D:2)
175 creatures vanquished.

Vanquished Creatures (collateral kills)
  An iguana (D:5)
  An adder (D:5)
  2 orcs
4 creatures vanquished.

Vanquished Creatures (others)
  An ogre (D:5)
  An orc (D:4)
2 creatures vanquished.

Grand Total: 181 creatures vanquished

Notes
Turn   | Place    | Note
-------+----------+-------------------------------------------
     0 | D:1      | SnakkuSnakku7 the Armataur Warper began the quest for the
                  | Orb.
     0 | D:1      | Reached XP level 1. HP: 18/18 MP: 3/3
   138 | D:1      | Reached skill level 2 in Axes
   138 | D:1      | Reached XP level 2. HP: 25/25 MP: 4/4
   292 | D:1      | Reached XP level 3. HP: 32/32 MP: 5/5
   633 | D:2      | Noticed Jessica
   639 | D:2      | Killed Jessica
   640 | D:2      | Reached XP level 4. HP: 34/40 MP: 6/6
   703 | D:2      | Reached skill level 3 in Axes
   988 | D:2      | Found a runed translucent door.
   989 | D:2      | Noticed Crazy Yiuf
  1396 | D:3      | Reached XP level 5. HP: 20/49 MP: 7/7
  1555 | D:3      | Found a faded altar of an unknown god.
  2126 | D:3      | Reached XP level 6. HP: 9/56 MP: 8/8
  2537 | D:4      | Reached skill level 4 in Axes
  2744 | D:4      | Found Bank's Self-Improvement Boutique.
  3371 | D:4      | Found a staircase to the Ecumenical Temple.
  3380 | Temple   | Entered the Ecumenical Temple
  3565 | Temple   | Became a worshipper of the Shining One
  3774 | D:5      | Entered Level 5 of the Dungeon
  3807 | D:5      | Noticed Ijyb
  3815 | D:5      | Reached skill level 5 in Fighting
  3820 | D:5      | Killed Ijyb
  3821 | D:5      | Reached XP level 7. HP: 42/65 MP: 9/9
  4085 | D:5      | Noticed Prince Ribbit
  4097 | D:5      | Reached skill level 5 in Axes
  4342 | D:5      | Killed Prince Ribbit
  4343 | D:5      | Reached skill level 6 in Axes
  4449 | D:5      | Noticed Blork the orc
  4456 | D:5      | Killed Blork the orc
  4457 | D:5      | Reached XP level 8. HP: 43/72 MP: 10/10
  4481 | D:5      | Reached skill level 7 in Axes
  6096 | D:7      | Reached skill level 8 in Axes
  6284 | D:7      | Reached skill level 9 in Axes
  6284 | D:7      | Reached XP level 9. HP: 71/79 MP: 11/11
  6845 | D:7      | Reached skill level 10 in Axes
  6914 | D:8      | Found Munuaffoi's Distillery.
  6921 | D:8      | Bought a potion of might for 56 gold pieces
  6921 | D:8      | Bought a potion of curing for 42 gold pieces
  6921 | D:8      | Bought a potion of lignification for 42 gold pieces
  6921 | D:8      | Bought a potion of might for 56 gold pieces
  6949 | D:8      | Noticed a troll
  6957 | D:8      | Killed a troll
  7058 | D:8      | Reached * piety under the Shining One
  7125 | D:8      | Found a staircase to the Lair.
  7383 | D:9      | Noticed Erica
  7390 | D:9      | HP: 2/79 [rock wall collision (6)]
  7393 | D:9      | Killed Erica
  7394 | D:9      | Reached skill level 11 in Axes
  7527 | D:9      | Reached XP level 10. HP: 42/86 MP: 12/12
  7534 | D:9      | Slain by a yak

Illustrated notes

Levels and vault maps discovered:
D:1:      dpeg_arrival_connections, layout_rooms, chequers_mini_garden,
          st_stairs_2
D:2:      layout_loops_cross, minmay_randomly_rotated_circles,
          uniq_crazy_yiuf_cottage, uniq_jessica
D:3:      layout_rooms, ebering_ecumenical_altar_abandoned,
          minmay_tree_intersection
D:4:      layout_loops_corners, minmay_temple_entry_antechambers,
          dreamdust_princess_bridge, minmay_misc_feat_diagonals,
          nicolae_shop_self_help
D:5:      layout_rooms, minmay_fractal_squares_diagonal_5, uniq_ijyb,
          uniq_blork_the_orc, uniq_prince_ribbit1
D:6:      layout_loops_corners, minmay_holes, minmay_gold_behind_fungi
D:7:      layout_cave_pods, kennysheep_generic_room_8
D:8:      layout_rooms, dpeg_oklobed_lair, serial_shops, shop
D:9:      layout_loops_ring, serial_shops, shop, uniq_maurice, uniq_erica
Temple:   mainiacjoe_temple_cubbyholes

Skill      XL: |  1  2  3  4  5  6  7  8  9 |
---------------+----------------------------+-----
Fighting       | 2 3 4 5 |  5.0
Axes           | 2 3 4 6 9 11 | 11.5
Throwing       | |  0.8
Armour         | |  1.2
Dodging        | |  1.3
Spellcasting   | |  1.7
Translocations | |  3.0

Action                     |  1- 3 |  4- 6 |  7- 9 | 10-12 || total
---------------------------+-------+-------+-------+-------++-------
  Melee: Hand axe          |   104 |   197 |   219 |     8 ||   528
         Tailslap          |     4 |    19 |    30 |     3 ||    56
         Punch             |       |       |     1 |       ||     1
  Evoke: Wand              |       |     3 |    11 |       ||    14
    Use: Potion            |       |     2 |     2 |       ||     4
         Scroll            |       |     1 |     6 |       ||     7
 Armour: Leather armour    |    42 |    99 |   108 |     1 ||   250
  Dodge: Dodged            |    54 |   127 |   126 |     4 ||   311
